MLB
SEATTLE MARINERS @ CALIFORNIA ANGELS
09/10/2048
 
TOP OF THE 1ST
Seattle Mariners batting - Pitching for California Angels : RHP Gus Morante
Pitching: RHP Gus Morante
Batting: LHB Dae-ik Yoon 0-0: Ground out 6-3 (Groundball, 6, EV 97.5 MPH)
Batting: RHB Jose Vasquez 0-0: Ball
1-0: Foul Ball, location: 2F
1-1: Swinging Strike
1-2: Fly out, F7 (Flyball, 78M, EV 81.2 MPH)
Batting: SHB Floyd-William Goof 0-0: Ball
1-0: Ball
2-0: Ball
3-0: Called Strike
3-1: Base on Balls
Batting: RHB Steve Jordan 0-0: Called Strike
Floyd-William Goof steals 2nd, throwing error, E2
Floyd-William Goof to third
0-1: Ball
1-1: SINGLE (Groundball, 4MS, EV 68.8 MPH) (infield hit)
Floyd-William Goof scores
Batting: SHB Robbie Rogers 0-0: Called Strike
0-1: Fielders Choice at 2nd, U6 (Groundball, 6M, EV 85.6 MPH)
Top of the 1st over - 1 run, 1 hit, 1 error, 1 left on base; Seattle 1 - California 0
BOTTOM OF THE 1ST
California Angels batting - Pitching for Seattle Mariners : LHP Larry Tuckfard
Pitching: LHP Larry Tuckfard
Batting: RHB Ruben Velasco 0-0: Ground out 3-1 (Groundball, 34, EV 105.0 MPH)
Batting: RHB Nick Dunn 0-0: Foul Ball, location: 2F
0-1: Ball
1-1: Foul Ball, location: 2F
1-2: Foul Ball, location: 2F
1-2: Ball
2-2: Foul Ball, location: 2F
2-2: Ball
3-2: Ground out 5-3 (Groundball, 5, EV 83.1 MPH)
Batting: LHB Rusty Ney 0-0: Ball
1-0: Called Strike
1-1: Fly out, F8 (Flyball, 78S, EV 86.9 MPH)
Bottom of the 1st over - 0 runs, 0 hits, 0 errors, 0 left on base; Seattle 1 - California 0
TOP OF THE 2ND
Seattle Mariners batting - Pitching for California Angels : RHP Gus Morante
Batting: RHB Tony Vargas 0-0: Ball
1-0: SINGLE (Line Drive, 89M, EV 108.1 MPH)
Batting: RHB Harutomi Matsubara 0-0: Grounds into double play, 6-4-3 (Groundball, 6M, EV 86.2 MPH)
Batting: RHB Pavpv Ivanushkin 0-0: Foul Ball, location: 2F
0-1: Ground out 6-3 (Groundball, 6, EV 84.4 MPH)
Top of the 2nd over - 0 runs, 1 hit, 0 errors, 0 left on base; Seattle 1 - California 0
BOTTOM OF THE 2ND
California Angels batting - Pitching for Seattle Mariners : LHP Larry Tuckfard
Batting: RHB Alain Delhaye 0-0: Ball
1-0: Foul Ball, location: 2F
1-1: Foul Ball, location: 2F
1-2: DOUBLE (Line Drive, 78XD, EV 106.9 MPH)
Batting: RHB Preston Deakyne 0-0: Ball
1-0: Ball
2-0: Ball
3-0: Base on Balls
Batting: RHB Bjoern Waltersson 0-0: Fly out, F9 (Flyball, 89D, EV 101.2 MPH)
Runner from 2nd tags up, SAFE at 3rd, no throw by RF
Batting: RHB Mike Harkins 0-0: Swinging Strike
0-1: Ball
1-1: SINGLE (Groundball, 4MD, EV 101.2 MPH)
Alain Delhaye scores
Preston Deakyne to second
Runner from 2nd tries for 3rd, SAFE, throw by CF made to third
Batting: RHB Luis Romero 0-0: Foul Ball, location: 2F
0-1: Foul Ball, location: 2F
0-2: Strikes out looking
Batting: RHB Avery Maxwell 0-0: Swinging Strike
0-1: Ball
1-1: Ball
2-1: Called Strike
2-2: Ball
3-2: Foul Ball, location: 2F
3-2: Base on Balls
Mike Harkins to second
Batting: RHB Ruben Velasco 0-0: Ball
1-0: Swinging Strike
1-1: Called Strike
1-2: Strikes out looking
Bottom of the 2nd over - 1 run, 2 hits, 0 errors, 3 left on base; Seattle 1 - California 1
TOP OF THE 3RD
Seattle Mariners batting - Pitching for California Angels : RHP Gus Morante
Batting: RHB Jimmy Hammertime 0-0: Foul Ball, location: 2F
0-1: Fly out, F9 (Flyball, 89M, EV 88.8 MPH)
Batting: LHB Dae-ik Yoon 0-0: Ball
1-0: Called Strike
1-1: Foul Ball, location: 2F
1-2: Foul Ball, location: 2F
1-2: Foul Ball, location: 2F
1-2: Ball
2-2: Ball
3-2: Foul Ball, location: 2F
3-2: Fly out, F9 (Flyball, 9, EV 94.4 MPH)
Batting: RHB Jose Vasquez 0-0: Swinging Strike
0-1: Ball
1-1: Called Strike
1-2: Foul Ball, location: 2F
1-2: Foul Ball, location: 2F
1-2: Foul Ball, location: 2F
1-2: Fly out, F9 (Flyball, 9LS, EV 74.4 MPH)
Top of the 3rd over - 0 runs, 0 hits, 0 errors, 0 left on base; Seattle 1 - California 1
BOTTOM OF THE 3RD
California Angels batting - Pitching for Seattle Mariners : LHP Larry Tuckfard
Batting: RHB Nick Dunn 0-0: Called Strike
0-1: Ball
1-1: Ball
2-1: Called Strike
2-2: Strikes out swinging
Batting: LHB Rusty Ney 0-0: Ball
1-0: Ball
2-0: Called Strike
2-1: Foul Ball, location: 2F
2-2: Foul Ball, location: 2F
2-2: Ball
3-2: SOLO HOME RUN (Flyball, 89XD, EV 98.1 MPH), Distance : 378 ft
Batting: RHB Alain Delhaye 0-0: Called Strike
0-1: Fly out, F7 (Flyball, 7S, EV 90.0 MPH)
Batting: RHB Preston Deakyne 0-0: Ball
1-0: Called Strike
1-1: Ball
2-1: Ball
3-1: Base on Balls
Batting: RHB Bjoern Waltersson 0-0: Swinging Strike
0-1: Ground out 1-3 (Groundball, 13S, EV 71.2 MPH)
Bottom of the 3rd over - 1 run, 1 hit, 0 errors, 1 left on base; Seattle 1 - California 2
TOP OF THE 4TH
Seattle Mariners batting - Pitching for California Angels : RHP Gus Morante
Batting: SHB Floyd-William Goof 0-0: Called Strike
0-1: Swinging Strike
0-2: Ball
1-2: Ground out 4-3 (Groundball, 4, EV 85.0 MPH)
Batting: RHB Steve Jordan 0-0: Ball
1-0: Foul Ball, location: 2F
1-1: Ball
2-1: Ball
3-1: Fly out, F8 (Line Drive, 8LM, EV 108.8 MPH)
Batting: SHB Robbie Rogers 0-0: Foul Ball, location: 2F
0-1: Foul Ball, location: 2F
0-2: Foul Ball, location: 2F
0-2: Ball
1-2: Ball
2-2: Ball
3-2: Strikes out looking
Top of the 4th over - 0 runs, 0 hits, 0 errors, 0 left on base; Seattle 1 - California 2
BOTTOM OF THE 4TH
California Angels batting - Pitching for Seattle Mariners : LHP Larry Tuckfard
Batting: RHB Mike Harkins 0-0: Foul Ball, location: 2F
0-1: Foul Ball, location: 2F
0-2: Fly out, F7 (Flyball, 78M, EV 91.9 MPH)
Batting: RHB Luis Romero 0-0: Foul Ball, location: 2F
0-1: Ball
1-1: Swinging Strike
1-2: Ball
2-2: Ball
3-2: Strikes out looking
Batting: RHB Avery Maxwell 0-0: Called Strike
0-1: Called Strike
0-2: Ball
1-2: Ground out 5-3 (Groundball, 5, EV 83.1 MPH)
Bottom of the 4th over - 0 runs, 0 hits, 0 errors, 0 left on base; Seattle 1 - California 2
TOP OF THE 5TH
Seattle Mariners batting - Pitching for California Angels : RHP Gus Morante
Batting: RHB Tony Vargas 0-0: Ball
1-0: Ball
2-0: Called Strike
2-1: Swinging Strike
2-2: Foul Ball, location: 2F
2-2: Foul Ball, location: 2F
2-2: Ball
3-2: SINGLE (Groundball, 56D, EV 93.8 MPH)
Batting: RHB Harutomi Matsubara 0-0: Ball
1-0: SINGLE (Groundball, 4, EV 104.4 MPH)
Tony Vargas to second
Runner from 2nd tries for 3rd, OUT! 8-5
Harutomi Matsubara to second
Batting: RHB Pavpv Ivanushkin 0-0: Foul Ball, location: 2F
0-1: Called Strike
0-2: Ball
1-2: Strikes out looking
Batting: RHB Jimmy Hammertime 0-0: Ball
1-0: Ball
2-0: Called Strike
2-1: Ball
3-1: Ground out 6-3 (Groundball, 6, EV 89.4 MPH)
Top of the 5th over - 0 runs, 2 hits, 0 errors, 1 left on base; Seattle 1 - California 2
BOTTOM OF THE 5TH
California Angels batting - Pitching for Seattle Mariners : LHP Larry Tuckfard
Batting: RHB Ruben Velasco 0-0: Ball
1-0: Called Strike
1-1: Ball
2-1: Ball
3-1: Foul Ball, location: 2F
3-2: Foul Ball, location: 2F
3-2: Foul Ball, location: 2F
3-2: Foul Ball, location: 2F
3-2: Foul Ball, location: 2F
3-2: Foul Ball, location: 2F
3-2: Fly out, F9 (Flyball, 9LM, EV 85.6 MPH)
Batting: RHB Nick Dunn 0-0: Swinging Strike
0-1: Ball
1-1: Fly out, F9 (Flyball, 9LSF, EV 86.9 MPH)
Batting: LHB Rusty Ney 0-0: Ball
1-0: Foul Ball, location: 2F
1-1: Foul Ball, location: 2F
1-2: Foul Ball, location: 2F
1-2: Ball
2-2: DOUBLE (Flyball, 8RXD, EV 108.1 MPH)
Batting: RHB Alain Delhaye 0-0: Ball
1-0: Called Strike
1-1: Ball
2-1: Ball
3-1: Called Strike
3-2: Base on Balls
Batting: RHB Preston Deakyne 0-0: Ball
1-0: Called Strike
1-1: Ball
2-1: Called Strike
2-2: Strikes out swinging
Bottom of the 5th over - 0 runs, 1 hit, 0 errors, 2 left on base; Seattle 1 - California 2
TOP OF THE 6TH
Seattle Mariners batting - Pitching for California Angels : RHP Gus Morante
Batting: LHB Dae-ik Yoon 0-0: Ball
1-0: Foul Ball, location: 2F
1-1: Called Strike
1-2: Ground out 4-3 (Groundball, 4, EV 77.5 MPH)
Batting: RHB Jose Vasquez 0-0: Fly out, F4 (Flyball, 4D, EV 93.1 MPH)
Batting: SHB Floyd-William Goof 0-0: Ball
1-0: Ball
2-0: Ball
3-0: Called Strike
3-1: Base on Balls
Batting: RHB Steve Jordan 0-0: Called Strike
0-1: Ball
1-1: Foul Ball, location: 2F
1-2: Strikes out swinging
Top of the 6th over - 0 runs, 0 hits, 0 errors, 1 left on base; Seattle 1 - California 2
BOTTOM OF THE 6TH
California Angels batting - Pitching for Seattle Mariners : LHP Larry Tuckfard
Batting: RHB Bjoern Waltersson 0-0: Called Strike
0-1: Ball
1-1: Swinging Strike
1-2: Ball
2-2: Fly out, F7 (Flyball, 7LM, EV 104.4 MPH)
Pitching: RHP Omar Colunga
Batting: RHB Mike Harkins 0-0: Ball
1-0: Ground out 5-3 (Groundball, 5S, EV 84.4 MPH)
Batting: RHB Luis Romero 0-0: Foul Ball, location: 2F
0-1: Ball
1-1: Called Strike
1-2: Foul Ball, location: 2F
1-2: Ball
2-2: DOUBLE (Line Drive, 78D, EV 105.0 MPH)
Batting: RHB Avery Maxwell 0-0: Called Strike
0-1: Ball
1-1: Called Strike
1-2: Foul Ball, location: 2F
1-2: Strikes out looking
Bottom of the 6th over - 0 runs, 1 hit, 0 errors, 1 left on base; Seattle 1 - California 2
TOP OF THE 7TH
Seattle Mariners batting - Pitching for California Angels : RHP Gus Morante
Batting: SHB Robbie Rogers 0-0: Ball
1-0: Foul Ball, location: 2F
1-1: Ball
2-1: Foul Ball, location: 2F
2-2: Ball
3-2: Foul Ball, location: 2F
3-2: Ground out 6-3 (Groundball, 6M, EV 82.5 MPH)
Batting: RHB Tony Vargas 0-0: Called Strike
0-1: Fly out, F2 (Popup, 2RF, EV 91.2 MPH)
Batting: RHB Harutomi Matsubara 0-0: Ball
1-0: Swinging Strike
1-1: Ball
2-1: Swinging Strike
2-2: Strikes out swinging
Top of the 7th over - 0 runs, 0 hits, 0 errors, 0 left on base; Seattle 1 - California 2
BOTTOM OF THE 7TH
California Angels batting - Pitching for Seattle Mariners : RHP Omar Colunga
Pitching: LHP Lance Crumpton
Batting: RHB Ruben Velasco 0-0: Called Strike
0-1: Called Strike
0-2: Strikes out swinging
Batting: RHB Nick Dunn 0-0: Foul Ball, location: 2F
0-1: Foul Ball, location: 2F
0-2: Ball
1-2: Ball
2-2: Ball
3-2: Foul Ball, location: 2F
3-2: Base on Balls
Batting: LHB Rusty Ney 0-0: Called Strike
0-1: Called Strike
0-2: Ball
1-2: Strikes out swinging
Batting: RHB Alain Delhaye 0-0: Ball
1-0: Ball
Nick Dunn is caught stealing 2nd base 2-4
Bottom of the 7th over - 0 runs, 0 hits, 0 errors, 0 left on base; Seattle 1 - California 2
TOP OF THE 8TH
Seattle Mariners batting - Pitching for California Angels : RHP Gus Morante
Pitching: RHP Dave Jackson
Now at 1B: Preston Deakyne
Now at 3B: Javier Trujillo
Batting: RHB Pavpv Ivanushkin 0-0: Called Strike
0-1: Foul Ball, location: 2F
0-2: Foul Ball, location: 2F
0-2: Ball
1-2: Ball
2-2: Foul Ball, location: 2F
2-2: SINGLE (Groundball, 56D, EV 99.4 MPH)
Batting: RHB Jimmy Hammertime 0-0: Ball
1-0: Ball
2-0: Called Strike
2-1: Called Strike
2-2: Ball
3-2: Base on Balls
Pavpv Ivanushkin to second
Batting: LHB Dae-ik Yoon 0-0: Ball
1-0: Fly out, F9 (Flyball, 9, EV 86.2 MPH)
Batting: RHB Jose Vasquez 0-0: Swinging Strike
0-1: Foul Ball, location: 2F
0-2: Ball
1-2: Strikes out looking
Batting: SHB Floyd-William Goof 0-0: Called Strike
0-1: Ground out U3 (Groundball, 3, EV 86.2 MPH)
Top of the 8th over - 0 runs, 1 hit, 0 errors, 2 left on base; Seattle 1 - California 2
BOTTOM OF THE 8TH
California Angels batting - Pitching for Seattle Mariners : LHP Lance Crumpton
Pitching: RHP William de Jesus
Batting: RHB Alain Delhaye 0-0: Ball
1-0: Ball
2-0: Ball
3-0: Called Strike
3-1: Ground out 5-3 (Groundball, 56S, EV 88.1 MPH)
Batting: RHB Preston Deakyne 0-0: Called Strike
0-1: Ball
1-1: Foul Ball, location: 2F
1-2: Ground out 4-3 (Groundball, 4, EV 102.5 MPH)
Batting: RHB Bjoern Waltersson 0-0: Called Strike
0-1: Ball
1-1: Called Strike
1-2: Foul Ball, location: 2F
1-2: Strikes out looking
Bottom of the 8th over - 0 runs, 0 hits, 0 errors, 0 left on base; Seattle 1 - California 2
TOP OF THE 9TH
Seattle Mariners batting - Pitching for California Angels : RHP Dave Jackson
Pitching: RHP Bryan Banana
Batting: RHB Steve Jordan 0-0: SINGLE (Groundball, P, EV 81.2 MPH) (infield hit)
Batting: SHB Robbie Rogers 0-0: Called Strike
0-1: Ball
Pickoff Throw by Catcher to First - Error! E2
Steve Jordan to second
1-1: Swinging Strike
1-2: Ball
2-2: Strikes out swinging
Batting: RHB Tony Vargas 0-0: Swinging Strike
0-1: Ball
1-1: Foul Ball, location: 2F
1-2: Fly out, F7 (Flyball, 7LS, EV 81.2 MPH)
Batting: RHB Harutomi Matsubara 0-0: Ball
1-0: Foul Ball, location: 2F
1-1: Swinging Strike
1-2: Strikes out looking
Top of the 9th over - 0 runs, 1 hit, 1 error, 1 left on base; Seattle 1 - California 2
Tuesday, March 28th , 2023 - OOTP Baseball 23.10 Build 110